 Dungeon Crawl Stone Soup version 0.22-a0-605-g9281fa2407 (webtiles) character file.

23422 RedPan the Brawler (level 13, -6/116 HPs)
             Began as a Ghoul Monk on July 8, 2018.
             Was the Champion of Cheibriados.
             Mangled by a hell knight
             ... wielding a +5 demon blade of draining
              (13 damage)
             ... on level 11 of the Dungeon.
             The game lasted 00:25:46 (12969 turns).

RedPan the Brawler (Ghoul Monk)                    Turns: 12969, Time: 00:25:47

Health: -6/116     AC: 13    Str: 38    XL:     13   Next: 6%
Magic:  14/18      EV: 23    Int: 24    God:    Cheibriados [******]
Gold:   399        SH:  9    Dex: 33    Spells: 12/12 levels left

rFire    + + +     SeeInvis +     - Unarmed
rCold    . . .     Gourm    .   F - +2 buckler {AC+3}
rNeg     + + +     Faith    .   z - +2 ring mail "Ussoizae" {Str+7}
rPois    ∞         Spirit   .   l - +0 helmet {SInv}
rElec    .         Reflect  .   a - +1 cloak "Zichyrr" {*Contam rF+++ rC- Dex+4}
rCorr    .         Harm     .   (no gloves)
MR       .....                  (no boots)
Stlth    ++........             (no amulet)
HPRegen  0.00/turn              c - +3 ring of dexterity
MPRegen  0.16/turn              (no ring)

@: flying, rotting, very slow
A: rotting body, claws 1, carnivore, cold resistance 1, negative energy
resistance 3, inhibited regeneration, torment resistance, unbreathing
a: Bend Time, Temporal Distortion, Slouch, Step From Time, Renounce Religion


You were on level 11 of the Dungeon.
You worshipped Cheibriados.
Cheibriados was exalted by your worship.
You were not hungry.

You visited 2 branches of the dungeon, and saw 12 of its levels.
You also visited: Sewer.

You collected 770 gold pieces.
You spent 371 gold pieces at shops.

Inventory:

Armour
 a - the +1 cloak "Zichyrr" (worn) {*Contam rF+++ rC- Dex+4}
   (You found it on level 8 of the Dungeon)

   It affects your dexterity (+4).
   It renders you almost immune to fire.
   It makes you vulnerable to cold.
   It causes magical contamination when unequipped.
 l - a +0 helmet of see invisible (worn)
 n - a +1 leather armour of poison resistance
 t - a +2 leather armour of cold resistance
 z - the +2 ring mail "Ussoizae" (worn) {Str+7}
   (You found it on level 6 of the Dungeon)

   It affects your strength (+7).
 F - a +2 buckler of protection (worn)
 H - a +1 chain mail of poison resistance
Magical Staves
 r - an uncursed staff of earth
Jewellery
 c - a +3 ring of dexterity (left claw)
Wands
 u - a wand of acid (15)
 v - a wand of digging (28)
 D - a wand of flame (41)
 G - a wand of disintegration (14)
Scrolls
 f - 12 scrolls of remove curse
 g - 2 scrolls of teleportation
 h - 6 scrolls of identify
 m - a scroll of amnesia
 q - 7 scrolls of magic mapping
 y - 3 scrolls of enchant armour
 A - 2 scrolls of fog
 E - a scroll of acquirement
Potions
 d - 2 potions of agility
 i - 8 potions of flight
 j - 3 potions of berserk rage
 k - 3 potions of might
 o - 2 potions of magic
 p - 2 potions of curing
 s - 3 potions of brilliance {unknown}
 x - 2 potions of ambrosia {unknown}
 B - a potion of mutation {unknown}
 C - 2 potions of invisibility {unknown}
 I - a potion of resistance {unknown}
 J - a potion of cancellation {unknown}
Comestibles
 b - 21 rations
 w - 4 chunks of flesh


   Skills:
 + Level 11.3 Fighting
 + Level 9.7 Dodging
 - Level 2.1 Stealth
 + Level 3.4 Shields
 * Level 15.0 Unarmed Combat
 - Level 8.0 Invocations


You had 12 spell levels left.
You didn't know any spells.
Your spell library contained the following spells:

 Spells                   Type           Power        Failure   Level  Hunger
 Lightning Bolt           Conj/Air       #.........   99%         5    ######.
 Summon Small Mammal      Summ           #...         22%         1    ##.....
 Summon Ice Beast         Ice/Summ       #.......     91%         4    #####..
 Call Imp                 Summ           #.......     32%         2    ###....
 Call Canine Familiar     Summ           #.......     54%         3    ####...
 Shatter                  Erth           #.........   100%        9    #######
 Static Discharge         Conj/Air       #.......     54%         3    ####...
 Tornado                  Air            #.........   100%        9    #######
 Summon Lightning Spire   Summ/Air       #.......     91%         4    #####..
 Summon Guardian Golem    Hex/Summ       #.......     54%         3    ####...
 Ignition                 Fire           #.........   100%        8    #######


Dungeon Overview and Level Annotations

Branches:
Dungeon (11/15)            Temple (1/1) D:6            Lair (0/6) D:11
    Orc (0/2) D:11

Altars:
Ashenzari
Cheibriados
Dithmenos
Elyvilon
Fedhas
Gozag
Hepliaklqana
Kikubaaqudgha
Makhleb
Nemelex Xobeh
Okawaru
Qazlal
Ru
Sif Muna
Trog
Uskayaw
Vehumet
Wu Jian
Xom
Yredelemnul
Zin
The Shining One

Shops:
D:10 [

Annotations:
D:9 2 transporters, shruggingcutely's ghost, novice HOBe


Innate Abilities, Weirdness & Mutations

Your body is rotting away.
You thrive on raw meat.
You are immune to poison.
You have sharp fingernails.
You are carnivorous and can eat meat at any time.
Your flesh is cold resistant. (rC+)
You are immune to negative energy. (rN+++)
You do not regenerate when monsters are visible.
You are immune to unholy pain and torment.
You can survive without breathing.


Message History

* * * LOW HITPOINT WARNING * * *
The necromancer gestures wildly while chanting.
The necromancer binds the souls of nearby monsters.
The hell knight casts a spell.
The hell knight seems to speed up.
The hell knight hits you but does no damage.
The necromancer casts a spell.
The necromancer binds the souls of nearby monsters.
Things that are here:
a broad axe of draining; a plate armour; a hell hound corpse
Okay, then.
Okay, then.
Okay, then.
Okay, then.
Okay, then.
Okay, then.
You feel better.
The hell knight's soul is no longer bound.
The hell knight hits you with a demon blade of draining!
You die...

.##.####..###.#.#..#############
###......##.....#......#..[....#
.....######.#........#.........#
..#### #....................#
..# #..#############....<# .##
#..#....÷......#..#### .#
#..#.#########.#..# .#
#..#.#ppph...#.#..# .# #..#.#@#
#.#..# .# ##.#.≈)# #)#..# .#
#.#§§§# #.#..# ## #.#§§§# #.#..#
#.#.#.# #.#..# #.#.#.. #.#..#
#.#.#########.#..#
##.#...........#..#
#..####≈≈≈≈≈####..#


You could see 2 hell knights, a necromancer and a hell hound.

Vanquished Creatures
  A hydra (D:11)
  7 two-headed ogres
  A queen ant (D:10)
  3 hell knights (D:11)
  Sonja (D:11)
  An unseen horror (D:10)
  An orc knight (D:10)
  A manticore (D:10)
  An ugly thing (D:11)
  A gargoyle (D:11)
  A troll (D:10)
  A merfolk (D:9)
  2 hippogriffs
  4 yaks (D:9)
  2 wyverns
  Grum (D:8)
  A hungry ghost (D:10)
  Duvessa (D:7)
  20 soldier ants
  6 hell hounds (D:11)
  2 porcupines (D:11)
  3 ice beasts
  9 orc warriors
  3 sky beasts
  A black bear (D:9)
  2 necrophages (D:9)
  2 eyes of draining (D:10)
  2 wolves (D:8)
  7 ogres
  3 phantoms
  4 centaurs
  A crocodile (D:10)
  4 big kobolds
  Blork the orc (D:6)
  11 bullfrogs
  A wyvern zombie (D:10)
  Dowan (D:7)
  A water moccasin zombie (D:8)
  7 scorpions
  17 wights
  9 howler monkeys
  2 centaur zombies
  6 crimson imps
  A quasit (D:6)
  2 bullfrog zombies
  3 jellies
  13 orc wizards
  Crazy Yiuf (D:7)
  7 orc priests
  6 hounds
  A centaur skeleton (D:4)
  A bullfrog skeleton (D:10)
  6 iguanas
  37 worker ants
  A killer bee zombie (D:9)
  2 hound zombies
  A hound skeleton (D:7)
  A howler monkey zombie (D:10)
  Robin (D:4)
  6 gnolls
  14 adders
  3 river rats (Sewer)
  3 shadow imps
  An ooze (D:4)
  2 adder zombies
  A worm (Sewer)
  2 dart slugs
  3 leopard geckos
  36 orcs
  9 bats
  7 giant cockroaches
  16 goblins
  12 hobgoblins
  7 jackals
  24 kobolds
  10 quokkas
  4 ball pythons
  5 frilled lizards
  A giant cockroach zombie (D:6)
  A jackal skeleton (D:9)
  A leopard gecko zombie (D:6)
  5 rats
413 creatures vanquished.

Vanquished Creatures (others)
  16 fungi (D:11)
  5 plants (D:11)
21 creatures vanquished.

Grand Total: 434 creatures vanquished

Notes
Turn   | Place    | Note
-------+----------+-------------------------------------------
     0 | D:1      | RedPan the Ghoul Monk began the quest for the Orb.
     0 | D:1      | Reached XP level 1. HP: 19/19 MP: 0/0
    64 | D:1      | Reached XP level 2. HP: 25/26 MP: 1/1
   575 | D:1      | Reached skill level 4 in Unarmed Combat
   575 | D:1      | Reached XP level 3. HP: 28/31 MP: 2/2
  1237 | D:2      | Reached XP level 4. HP: 38/40 MP: 3/3
  1733 | D:3      | Reached XP level 5. HP: 38/46 MP: 4/4
  1939 | D:3      | Reached skill level 5 in Unarmed Combat
  2739 | D:3      | Reached XP level 6. HP: 40/53 MP: 5/5
  2972 | D:4      | Found a glowing drain.
  3055 | Sewer    | Entered a sewer
  3156 | Sewer    | Reached skill level 6 in Unarmed Combat
  3251 | Sewer    | Reached skill level 5 in Fighting
  3328 | Sewer    | Reached XP level 7. HP: 58/61 MP: 6/6
  3485 | D:4      | Noticed Robin
  3519 | D:4      | Killed Robin
  3737 | D:4      | Reached skill level 7 in Unarmed Combat
  4204 | D:5      | Entered Level 5 of the Dungeon
  4228 | D:5      | Reached XP level 8. HP: 63/70 MP: 7/7
  4267 | D:5      | Found a burning altar of Makhleb.
  4295 | D:5      | Reached skill level 5 in Dodging
  4594 | D:5      | Reached skill level 8 in Unarmed Combat
  5524 | D:6      | Reached skill level 9 in Unarmed Combat
  5596 | D:6      | Found a staircase to the Ecumenical Temple.
  5608 | Temple   | Entered the Ecumenical Temple
  5887 | Temple   | Became a worshipper of Cheibriados the Contemplative
  5887 | Temple   | Reached * piety under Cheibriados
  5887 | Temple   | Reached ** piety under Cheibriados
  5973 | D:6      | Reached XP level 9. HP: 69/78 MP: 8/8
  6143 | D:6      | Reached skill level 1 in Invocations
  6410 | D:6      | Noticed Blork the orc
  6422 | D:6      | Killed Blork the orc
  6657 | D:6      | Got a bloodstained ring mail
  6668 | D:6      | Identified the +2 ring mail "Ussoizae" {Str+7} (You found it on level 6 of the Dungeon)
  6802 | D:7      | Reached skill level 10 in Unarmed Combat
  6858 | D:7      | Noticed Duvessa
  6866 | D:7      | Noticed Dowan
  6869 | D:7      | Killed Duvessa
  6869 | D:7      | Reached *** piety under Cheibriados
  6874 | D:7      | Killed Dowan
  7156 | D:7      | Found a runed door.
  7160 | D:7      | Noticed Crazy Yiuf
  7163 | D:7      | Killed Crazy Yiuf
  7267 | D:8      | Noticed Grum
  7279 | D:8      | Killed Grum
  7279 | D:8      | Reached XP level 10. HP: 51/88 MP: 5/11
  7505 | D:8      | Got a bloodstained cloak
  7516 | D:8      | Identified the +1 cloak "Zichyrr" {*Contam rF+++ rC- Dex+4} (You found it on level 8 of the Dungeon)
  7622 | D:8      | Reached **** piety under Cheibriados
  7649 | D:8      | Reached skill level 11 in Unarmed Combat
  7747 | D:8      | Noticed a two-headed ogre
  7756 | D:8      | Killed a two-headed ogre
  7756 | D:8      | Reached skill level 5 in Invocations
  8376 | D:9      | Noticed a two-headed ogre
  8385 | D:9      | Killed a two-headed ogre
  8392 | D:9      | Found a transporter.
  8409 | D:9      | Found a transporter.
  8409 | D:9      | Noticed shruggingcutely's ghost (novice HOBe)
  8496 | D:9      | Reached skill level 12 in Unarmed Combat
  8611 | D:9      | Reached XP level 11. HP: 97/97 MP: 14/14
  8929 | D:9      | Noticed a two-headed ogre
  8941 | D:9      | Killed a two-headed ogre
  8946 | D:9      | Reached ***** piety under Cheibriados
  9243 | D:10     | Entered Level 10 of the Dungeon
  9272 | D:10     | Noticed a queen ant
  9506 | D:10     | Killed a queen ant
  9682 | D:10     | Reached skill level 13 in Unarmed Combat
  9759 | D:10     | Reached skill level 10 in Fighting
 10194 | D:10     | Reached ****** piety under Cheibriados
 10214 | D:10     | Noticed a two-headed ogre
 10227 | D:10     | Killed a two-headed ogre
 10227 | D:10     | Reached XP level 12. HP: 50/106 MP: 16/16
 10541 | D:10     | HP: 3/107 [something (8)]
 11657 | D:10     | Reached skill level 14 in Unarmed Combat
 11719 | D:10     | Found Wuyw's Antique Armour Shop.
 11722 | D:10     | Bought a runed helmet for 232 gold pieces
 11722 | D:10     | Bought a buckler for 139 gold pieces
 11742 | D:10     | Identified 2 scrolls of acquirement
 11916 | D:10     | Noticed a two-headed ogre
 11925 | D:10     | Killed a two-headed ogre
 11997 | D:11     | Reached skill level 1 in Shields
 12104 | D:11     | Noticed a two-headed ogre
 12109 | D:11     | Noticed a seven-headed hydra
 12112 | D:11     | Killed a two-headed ogre
 12117 | D:11     | Killed a seven-headed hydra
 12119 | D:11     | Noticed a two-headed ogre
 12124 | D:11     | Killed a two-headed ogre
 12195 | D:11     | Noticed Sonja
 12202 | D:11     | Killed Sonja
 12368 | D:11     | Found a staircase to the Lair.
 12635 | D:11     | Found a staircase to the Orcish Mines.
 12667 | D:11     | Noticed a two-headed ogre
 12876 | D:11     | Noticed a hell knight
 12964 | D:11     | Reached XP level 13. HP: 54/116 MP: 18/18
 12967 | D:11     | Reached skill level 15 in Unarmed Combat
 12968 | D:11     | HP: 1/116 [hell knight/demon blade of draining (12)]
 12969 | D:11     | Mangled by a hell knight

Vault maps used:
D:1:      saegor_arrival_simple_a, minmay_tromino_v4_b
D:2:      first_ration
D:3:      palyth_stone_intersect, minmay_randomly_rotated_circles
D:4:      gup_sewer_entry_glass, uniq_robin
D:5:      old_standard_altar
D:6:      temple_fountains, serial_glass, glass_columns_a, glass_columns_c,
          glass_columns_b, glass_columns_b, glass_columns_b, glass_columns_b,
          glass_columns_a, glass_columns_c, glass_columns_a, glass_columns_b,
          uniq_blork_the_orc
D:7:      minmay_holes, uniq_duvessa, uniq_crazy_yiuf_cottage
D:8:      uniq_grum
D:9:      gammafunk_ghost_mausoleum, hangedman_fish_farm
D:10:     minmay_the_grid_triangle_9x9_rhombus_thin, serial_shops,
          kennysheep_mini_moat, minivault_29
D:11:     grunt_lair_entry_orc_guard_hut, david_orc_4, minmay_rotating_lava,
          uniq_sonja
Temple:   regret_index_temple_sigil_plot
Sewer:    sewer_co_15_rooms

Skill      XL: |  1  2  3  4  5  6  7  8  9 10 11 12 13 |
---------------+----------------------------------------+-----
Dodging        | 3 4 5 6 7 8 9 |  9.7
Unarmed Combat | 4 5 6 7 9 10 12 13 14 15 | 15.0
Fighting       | 4 5 6 7 9 10 11 | 11.3
Invocations    | 3 5 7 8 |  8.0
Shields        | 3 |  3.4
Stealth        | |  2.1

Action                   |  1- 3 |  4- 6 |  7- 9 | 10-12 | 13-15 || total
-------------------------+-------+-------+-------+-------+-------++-------
Melee: Unarmed           |   123 |   257 |   360 |   624 |     2 ||  1366
       Punch             |       |     2 |    21 |    38 |       ||    61
Invok: Bend Time         |       |       |       |     5 |       ||     5
       Slouch            |       |       |       |       |     1 ||     1
  Use: Scroll            |       |    11 |     6 |     5 |       ||    22
       Potion            |       |       |     1 |     6 |     1 ||     8
 Stab: Sleeping          |     2 |     2 |     3 |     6 |       ||    13
       Distracted        |       |       |       |     6 |       ||     6
  Eat: Chunk             |     6 |    17 |    24 |    21 |       ||    68
Armor: Robe              |    15 |       |       |       |       ||    15
       Leather armour    |    18 |    44 |    55 |       |       ||   117
       Ring mail         |    11 |       |    20 |   186 |     1 ||   218
Dodge: Dodged            |    95 |   142 |   196 |   573 |       ||  1006
Block: Buckler           |       |       |       |    60 |       ||    60

Table legend:
 A = Spawn XP
 B = Non-spawn XP
 C = Spawn XP percentage of total XP
 D = Spawn monster count
 E = Non-spawn monster count
 F = Spawn count percentage of total count
 G = Total turns spent on level
                    A         B        C        D         E        F      G
               +---------+---------+-------+---------+---------+-------+---------
         Total |       0 |   33460 |   0.0 |       0 |     413 |   0.0 | 12969
               +---------+---------+-------+---------+---------+-------+---------
           D:1 |       0 |      40 |   0.0 |       0 |      24 |   0.0 |   906
           D:2 |       0 |      70 |   0.0 |       0 |      24 |   0.0 |   722
           D:3 |       0 |     251 |   0.0 |       0 |      32 |   0.0 |  1344
           D:4 |       0 |     520 |   0.0 |       0 |      30 |   0.0 |   902
           D:5 |       0 |     819 |   0.0 |       0 |      22 |   0.0 |  1173
           D:6 |       0 |    1082 |   0.0 |       0 |      21 |   0.0 |  1019
           D:7 |       0 |     967 |   0.0 |       0 |      17 |   0.0 |   501
           D:8 |       0 |    3446 |   0.0 |       0 |      41 |   0.0 |  1156
           D:9 |       0 |    4687 |   0.0 |       0 |      44 |   0.0 |  1457
          D:10 |       0 |   11360 |   0.0 |       0 |      88 |   0.0 |  2166
          D:11 |       0 |    9936 |   0.0 |       0 |      55 |   0.0 |   990
         Sewer |       0 |     282 |   0.0 |       0 |      15 |   0.0 |   330
               +---------+---------+-------+---------+---------+-------+---------
